 Dungeon Crawl Stone Soup version 0.31-a0-1603-gbec6b6c (webtiles) character file.

Game seed: 3887517203753625364

24 Dorkslayer the Covered (level 3, -2/23 HPs)
             Began as a Gargoyle Fighter on Jan 7, 2024.
             Slain by an orc priest
             ... wielding a +0 trident
              (7 damage)
             ... on level 2 of the Dungeon.
             The game lasted 00:02:40 (886 turns).

Dorkslayer the Covered (Gargoyle Fighter)            Turns: 886, Time: 00:02:40

Health: -2/23      AC: 12    Str: 21    XL:     3   Next: 2%
Magic:  3/3        EV:  8    Int:  8    God:
Gold:   88         SH:  4    Dex:  9    Spells: 2/2 levels left

rFire   . . .        a - +0 war axe
rCold   . . .        c - +0 buckler
rNeg    + . .        g - +0 chain mail
rPois   ∞            (no helmet)
rElec   +            (no cloak)
rCorr   .            (no gloves)
SInv    .            (no boots)
Will    .....        (no amulet) Stlth
                     (no ring)
HPRegen 0.23/turn    (no ring)
MPRegen 0.08/turn

%: no passive effects
@: no status effects
A: sickness immunity, AC +3, negative energy resistance 1, electricity
resistance, torment resistance 1, petrification resistance
a: no special abilities


You were on level 2 of the Dungeon.
You visited 1 branch of the dungeon, and saw 2 of its levels.

You collected 88 gold pieces.

Inventory:

Hand Weapons
 a - a +0 war axe (weapon)
Armour
 c - a +0 buckler (worn)
 g - a +0 chain mail (worn)
Scrolls
 i - a scroll of revelation
 j - a scroll of fog {unknown}
Potions
 d - a potion of might
 e - a potion of mutation
 f - a potion of curing {unknown}


   Skills:
 + Level 3.5 Fighting
 + Level 2.2 Axes
 + Level 3.5 Armour
 * Level 0.4 Dodging
 + Level 3.5 Shields


You had 2 spell levels left.
You didn't know any spells.
Your spell library was empty.

Dungeon Overview and Level Annotations

Branches:
Dungeon (2/15)

Altars:


Innate Abilities, Weirdness & Mutations

You are immune to sickness and miasma.
Your stone body is resilient. (AC +3)
You are immune to poison.
You resist negative energy. (rN+)
You are resistant to electric shocks. (rElec)
You are resistant to unholy torment.
You are immune to petrification.


Message History

You have reached level 3!
Your experience leads to an increase in your attributes!
Increase (S)trength, (I)ntelligence, or (D)exterity?
You feel stronger. x2
Something hits you but does no damage. The orc priest closely misses you.
Things that are here:
a +0 mace; an orc corpse; a bat corpse You closely miss the orc priest.
You miss something. Something hits you but does no damage.
The orc priest invokes the aid of Beogh against you.
Pain shoots through your body!
You hear some strange, mumbled words.
A puff of flame appears from out of thin air!
The puff of flame misses you. You block the orc priest's attack.
You closely miss the orc priest. You closely miss something.
Something hits you but does no damage. The orc priest closely misses you.
Unknown command.
You closely miss the orc priest. You miss something.
Something hits you but does no damage.
The orc priest hits you with a +0 trident.
Something hits you.
The orc priest hits you but does no damage.
Unknown command.
You closely miss the orc priest. You slash something!
Something hits you but does no damage.
The orc priest casts a cantrip, but nothing happens.
Unknown command.
You barely miss the orc priest. You miss something.
Something hits you but does no damage. The orc priest closely misses you.
The orc priest barely misses you.
You hear some strange, mumbled words.
A puff of flame appears from out of thin air!
The puff of flame hits you.
Unknown command.
You hit the orc priest.
The orc priest is lightly wounded.
You miss something. Something hits you.
* * * LOW HITPOINT WARNING * * *
The orc priest hits you with a +0 trident!
You die...

#..... .. .##...... #.#
..#...... ..###
#.......#+# ## ...#
#......#.# ...###.##
#......#.# #......#
#........## #####....
#.....{...#####.......)
#.....@#......'....†)..
#....o.#.######.......#
#......#.# #....####
#......#.# #....#
#......#.# #(...#
#......#.# #....#
#......#.. #....#
######### #....#


You could see an orc priest.

Vanquished Creatures
  2 orcs (D:2)
  4 ball pythons (D:1)
  2 endoplasms (D:1)
  A giant cockroach (D:1)
  2 goblins
  2 kobolds (D:2)
  2 quokkas (D:1)
  2 bats
  A frilled lizard (D:1)
  2 rats
20 creatures vanquished.

Notes
Turn   | Place    | Note
-------+----------+-------------------------------------------
     0 | D:1      | Dorkslayer the Gargoyle Fighter began the quest for the
                  | Orb.
     0 | D:1      | Reached XP level 1. HP: 14/14 MP: 1/1
   326 | D:1      | Reached XP level 2. HP: 18/19 MP: 2/2
   880 | D:2      | Reached XP level 3. HP: 15/23 MP: 3/3
   886 | D:2      | Slain by an orc priest

Illustrated notes

Levels and vault maps discovered:
D:1:      nzn_arrival_water_spiral, layout_basic, minmay_small_reverse_x
D:2:      cheibrodos_greedy_goblins, layout_basic

Skill      XL: |  1  2 |
---------------+-------+-----
Axes           | 2 |  2.2
Fighting       | |  3.5
Armour         | |  3.5
Dodging        | |  0.4
Shields        | |  3.5

Action                     || total
---------------------------++-------
  Melee: War axe           ||    82
    Use: Scroll            ||     4
 Armour: Scale mail        ||    49
         Chain mail        ||    36
  Dodge: Dodged            ||    48
  Block: Buckler           ||    23

Table legend: (Time is in decaauts)
 A = Elapsed time spent in this place.
 B = Non-inter-level travel time spent in this place.
 C = Inter-level travel time spent in this place.
 D = Time resting spent in this place.
 E = Time spent auto-exploring this place.
 F = Levels seen in this place.
 G = Mean time per level.
                   A        B        C        D        E       F      G
               +--------+--------+--------+--------+--------+-----+--------+
         Total |    921 |    921 |      0 |      0 |    553 |   2 |  460.5 |
       Dungeon |    921 |    921 |      0 |      0 |    553 |   2 |  460.5 |
               +--------+--------+--------+--------+--------+-----+--------+

Top non-repeatable levels by time:
     D:1: 773 daAuts
     D:2: 147 daAuts
